1843 views
Uploaded 2023-05-16 13:40:57
Game version 1.36 (6115)
39:30 long 2on2 ladder game on (4)Avalanche_LV
Saved by Cabeelibob
1843 views
Uploaded 2023-05-16 13:40:57
Game version 1.36 (6115)
39:30 long 2on2 ladder game on (4)Avalanche_LV


85 units @ 11.8k
/ 1.3k
82 buildings @ 13.8k
/ 6.4k


| Lesser Clarity Potion | 3 | 210 |
| Healing Salve | 3 | 300 |
| Orb of Lightning | 1 | 375 |
| Potion of Mana | 1 | 200 |
| total: | 8 | 1085g |
| Peon | 17 | 1275 | / | 0 |
| Grunt | 7 | 1400 | / | 0 |
| Demolisher | 5 | 1100 | / | 250 |
| Wind Rider | 7 | 1855 | / | 280 |
| Troll Batrider | 5 | 800 | / | 200 |
| total: | 41 | 6430g | / | 730w |
| Watch Tower | 21 | 2310 | / | 1680 |
| Altar of Storms | 1 | 180 | / | 50 |
| Orc Burrow | 7 | 1120 | / | 280 |
| Barracks | 5 | 900 | / | 250 |
| Voodoo Lounge | 2 | 260 | / | 60 |
| War Mill | 2 | 410 | / | 0 |
| Great Hall | 4 | 1540 | / | 740 |
| Beastiary | 4 | 580 | / | 560 |
| Stronghold | 2 | 630 | / | 380 |
| Fortress | 1 | 325 | / | 190 |
| total: | 46 | 7300g | / | 3620w |
| 0:04 | Peon |
| 0:09 | Altar of Storms |
| 0:12 | Peon |
| 0:27 | Orc Burrow |
| 0:31 | Peon |
| 0:42 | Peon |
| 0:54 | Barracks |
| 0:58 | Peon |
| 1:15 | Peon |
| 1:36 | Voodoo Lounge |
| 1:44 | Voodoo Lounge |
| 1:47 | Peon |
| 2:07 | Grunt |
| 2:26 | War Stomp |
| 2:34 | Orc Burrow |
| 2:38 | Peon |
| 2:40 | Lesser Clarity Potion |
| 2:46 | Healing Salve |
| 3:29 | Grunt |
| 3:32 | Orc Burrow |
| 3:52 | Stronghold |
| 4:17 | Grunt |
| 4:37 | Barracks |
| 4:41 | Endurance Aura |
| 4:58 | Grunt |
| 5:20 | Orc Burrow |
| 5:30 | Grunt |
| 5:56 | Grunt |
| 6:02 | War Mill |
| 6:58 | Great Hall |
| 7:08 | War Stomp |
| 7:13 | Berserker Strength |
| 7:32 | Steel Armor |
| 7:43 | Demolisher |
| 8:06 | Peon |
| 8:06 | Peon |
| 8:06 | Peon |
| 8:20 | Healing Salve |
| 8:27 | Lesser Clarity Potion |
| 8:38 | Demolisher |
| 9:23 | Orc Burrow |
| 9:27 | Fortress |
| 9:34 | Serpent Ward |
| 9:45 | Peon |
| 9:45 | Peon |
| 10:05 | Grunt |
| 10:23 | Endurance Aura |
| 10:33 | Demolisher |
| 11:49 | Demolisher |
| 12:19 | Burning Oil |
| 12:19 | Demolisher |
| 13:28 | Beastiary |
| 13:31 | Beastiary |
| 14:38 | Wind Rider |
| 14:38 | Wind Rider |
| 15:05 | Wind Rider |
| 15:07 | Beastiary |
| 15:09 | Beastiary |
| 15:43 | Envenomed Spears |
| 15:43 | Wind Rider |
| 16:09 | Orc Burrow |
| 16:30 | Wind Rider |
| 17:03 | Wind Rider |
| 17:08 | Orc Burrow |
| 18:48 | Wind Rider |
| 19:28 | Troll Batrider |
| 19:59 | Troll Batrider |
| 20:07 | Healing Salve |
| 20:08 | Lesser Clarity Potion |
| 20:20 | Troll Batrider |
| 20:37 | Orb of Lightning |
| 20:38 | Potion of Mana |
| 20:43 | Liquid Fire |
| 20:45 | Troll Batrider |
| 21:04 | Troll Batrider |
| 21:19 | Peon |
| 21:19 | Peon |
| 21:20 | Peon |
| 21:20 | Peon |
| 21:52 | Healing Wave |
| 22:17 | Endurance Aura |
| 23:48 | Stronghold |
| 24:47 | Great Hall |
| 25:02 | Barracks |
| 25:55 | War Mill |
| 26:01 | Great Hall |
| 26:05 | Barracks |
| 26:07 | Barracks |
| 27:16 | Watch Tower |
| 27:18 | Watch Tower |
| 27:56 | Watch Tower |
| 27:59 | Watch Tower |
| 28:02 | Watch Tower |
| 28:23 | Watch Tower |
| 28:30 | Watch Tower |
| 28:32 | Watch Tower |
| 28:35 | Watch Tower |
| 28:58 | Watch Tower |
| 29:01 | Watch Tower |
| 29:03 | Watch Tower |
| 29:04 | Watch Tower |
| 29:06 | Watch Tower |
| 29:10 | Watch Tower |
| 29:11 | Watch Tower |
| 29:13 | Spiked Barricades |
| 29:30 | Watch Tower |
| 29:32 | Watch Tower |
| 30:02 | Watch Tower |
| 30:04 | Watch Tower |
| 30:11 | Watch Tower |
| 31:22 | Hex |
| 32:33 | Great Hall |
| 38:53 | Reincarnation |
| Right click | 1734 |
| Select group | 1263 |
| Select | 572 |
| Build/train/purchase | 160 |
| Use ability | 43 |
| Assign group | 34 |
| Chat | 32 |
| Misc. action | 18 |
| Minimap ping | 18 |
| Esc | 13 |
| Remove unit | 2 |
| Item give/drop | 1 |


| Orb of Lightning | 1 | 375 |
| Potion of Healing | 1 | 150 |
| Scroll of Speed | 1 | 50 |
| Potion of Mana | 1 | 200 |
| Scroll of Town Portal | 1 | 350 |
| Circlet of Nobility | 1 | 175 |
| Periapt of Vitality | 1 | 325 |
| total: | 7 | 1625g |
| Peon | 21 | 1575 | / | 0 |
| Grunt | 2 | 400 | / | 0 |
| Troll Headhunter | 8 | 1120 | / | 160 |
| Demolisher | 6 | 1320 | / | 300 |
| Troll Berserker | 5 | 700 | / | 100 |
| Shaman | 2 | 260 | / | 40 |
| total: | 44 | 5375g | / | 600w |
| Watch Tower | 12 | 1320 | / | 960 |
| Altar of Storms | 1 | 180 | / | 50 |
| Orc Burrow | 8 | 1280 | / | 320 |
| Barracks | 4 | 720 | / | 200 |
| War Mill | 3 | 615 | / | 0 |
| Voodoo Lounge | 1 | 130 | / | 30 |
| Great Hall | 5 | 1925 | / | 925 |
| Beastiary | 1 | 145 | / | 140 |
| Spirit Lodge | 1 | 150 | / | 150 |
| Stronghold | 1 | 315 | / | 190 |
| Fortress | 1 | 325 | / | 190 |
| total: | 36 | 6465g | / | 2775w |
| 0:03 | Altar of Storms |
| 0:05 | Peon |
| 0:06 | Peon |
| 0:19 | Orc Burrow |
| 0:33 | Barracks |
| 0:39 | Peon |
| 0:57 | Peon |
| 1:15 | War Mill |
| 1:39 | Peon |
| 1:40 | Grunt |
| 2:10 | Feral Spirit |
| 2:14 | Grunt |
| 2:18 | Orc Burrow |
| 2:57 | Stronghold |
| 3:19 | Voodoo Lounge |
| 4:16 | Troll Headhunter |
| 4:16 | Troll Headhunter |
| 4:18 | Troll Headhunter |
| 4:55 | Barracks |
| 4:58 | Orc Burrow |
| 5:26 | Chain Lighting |
| 5:32 | Spiked Barricades |
| 5:35 | Orc Burrow |
| 5:38 | Peon |
| 5:38 | Peon |
| 5:56 | Beastiary |
| 6:03 | Spirit Lodge |
| 6:29 | Feral Spirit |
| 6:35 | Troll Headhunter |
| 7:26 | Shaman Adept Training |
| 7:45 | Circlet of Nobility |
| 7:45 | Periapt of Vitality |
| 8:03 | Hex |
| 8:18 | Chain Lighting |
| 8:41 | Orc Burrow |
| 8:58 | Great Hall |
| 9:01 | Reinforced Defenses |
| 9:03 | Peon |
| 9:04 | Peon |
| 9:04 | Peon |
| 9:04 | Peon |
| 9:36 | Healing Wave |
| 9:46 | Fortress |
| 10:26 | Demolisher |
| 11:48 | Barracks |
| 12:27 | Barracks |
| 12:28 | Burning Oil |
| 12:30 | Steel Ranged Weapons |
| 12:47 | Demolisher |
| 13:06 | Demolisher |
| 13:07 | Demolisher |
| 13:18 | Peon |
| 13:19 | Peon |
| 13:19 | Peon |
| 13:19 | Peon |
| 13:43 | Shaman Master Training |
| 13:52 | Troll Headhunter |
| 13:53 | Troll Headhunter |
| 13:53 | Troll Headhunter |
| 14:03 | Troll Headhunter |
| 14:05 | Steel Armor |
| 15:07 | Demolisher |
| 15:14 | Berserker Upgrade |
| 16:32 | Orc Burrow |
| 16:33 | Pillage |
| 16:48 | Watch Tower |
| 16:50 | Watch Tower |
| 16:59 | Great Hall |
| 17:37 | War Mill |
| 17:54 | War Mill |
| 18:28 | Serpent Ward |
| 19:30 | Troll Berserker |
| 19:31 | Troll Berserker |
| 19:34 | Thorium Ranged Weapons |
| 19:42 | Peon |
| 19:42 | Peon |
| 19:42 | Peon |
| 19:51 | Troll Regeneration |
| 19:58 | Feral Spirit |
| 20:11 | Orb of Lightning |
| 20:13 | Peon |
| 20:13 | Peon |
| 20:14 | Peon |
| 20:17 | Potion of Healing |
| 20:18 | Scroll of Speed |
| 20:20 | Potion of Mana |
| 20:23 | Scroll of Town Portal |
| 23:05 | Watch Tower |
| 23:55 | Troll Berserker |
| 24:40 | Orc Burrow |
| 24:58 | Watch Tower |
| 25:00 | Watch Tower |
| 25:01 | Watch Tower |
| 25:03 | Watch Tower |
| 25:06 | Watch Tower |
| 26:22 | Demolisher |
| 26:27 | Orc Burrow |
| 27:17 | Watch Tower |
| 27:18 | Watch Tower |
| 27:19 | Watch Tower |
| 27:21 | Watch Tower |
| 28:27 | Troll Berserker |
| 29:04 | Great Hall |
| 29:28 | Great Hall |
| 33:55 | Great Hall |
| 35:12 | Serpent Ward |
| 38:48 | Troll Berserker |
| 38:49 | Shaman |
| 38:50 | Shaman |
| Right click | 1772 |
| Select group | 745 |
| Select | 542 |
| Misc. action | 350 |
| Chat | 242 |
| Build/train/purchase | 169 |
| Use ability | 143 |
| Minimap ping | 89 |
| Assign group | 41 |
| Resource trade | 13 |
| Remove unit | 3 |
| Item give/drop | 1 |
68 units @ 8k
/ 1.6k
119 buildings @ 8.1k
/ 4.1k


| Scroll of Regeneration | 1 | 100 |
| Staff of Sanctuary | 1 | 250 |
| Orb of Fire | 1 | 325 |
| Boots of Speed | 2 | 500 |
| total: | 5 | 1175g |
| Peasant | 16 | 1200 | / | 0 |
| Footman | 3 | 405 | / | 0 |
| Mortar Team | 15 | 2700 | / | 1050 |
| Flying Machine | 13 | 1300 | / | 390 |
| Spell Breaker | 3 | 645 | / | 90 |
| Siege Engine | 1 | 195 | / | 60 |
| total: | 51 | 6445g | / | 1590w |
| Scout Tower | 28 | 840 | / | 560 |
| Arcane Tower | 3 | 210 | / | 150 |
| Guard Tower | 14 | 980 | / | 700 |
| Altar of Kings | 2 | 360 | / | 100 |
| Barracks | 3 | 480 | / | 180 |
| Farm | 14 | 1120 | / | 280 |
| Lumber Mill | 1 | 120 | / | 0 |
| Town Hall | 1 | 385 | / | 205 |
| Blacksmith | 1 | 140 | / | 60 |
| Arcane Vault | 1 | 130 | / | 30 |
| Workshop | 5 | 700 | / | 700 |
| Arcane Sanctum | 2 | 300 | / | 280 |
| Keep | 1 | 320 | / | 210 |
| Castle | 1 | 360 | / | 210 |
| total: | 58 | 4575g | / | 2395w |
| 0:02 | Peasant |
| 0:08 | Peasant |
| 0:18 | Altar of Kings |
| 0:20 | Peasant |
| 0:28 | Barracks |
| 0:33 | Farm |
| 0:34 | Peasant |
| 0:37 | Peasant |
| 0:47 | Peasant |
| 0:53 | Farm |
| 1:03 | Peasant |
| 1:40 | Scout Tower |
| 1:42 | Footman |
| 1:44 | Farm |
| 1:45 | Farm |
| 1:49 | Peasant |
| 1:55 | Peasant |
| 2:04 | Footman |
| 2:08 | Arcane Tower |
| 2:19 | Storm Bolt |
| 2:25 | Scout Tower |
| 2:39 | Peasant |
| 2:39 | Peasant |
| 2:41 | Footman |
| 3:15 | Scout Tower |
| 3:16 | Arcane Tower |
| 3:19 | Lumber Mill |
| 3:20 | Peasant |
| 3:39 | Peasant |
| 3:43 | Arcane Tower |
| 3:46 | Scout Tower |
| 3:52 | Peasant |
| 4:13 | Scout Tower |
| 4:15 | Scout Tower |
| 4:16 | Scout Tower |
| 4:19 | Scout Tower |
| 4:29 | Guard Tower |
| 4:35 | Scout Tower |
| 4:36 | Scout Tower |
| 4:36 | Scout Tower |
| 4:37 | Scout Tower |
| 4:42 | Guard Tower |
| 4:44 | Guard Tower |
| 5:19 | Guard Tower |
| 5:21 | Scout Tower |
| 5:22 | Scout Tower |
| 5:39 | Improved Lumber Harvesting |
| 5:39 | Improved Masonry |
| 5:41 | Scout Tower |
| 5:43 | Scout Tower |
| 5:44 | Scout Tower |
| 5:55 | Town Hall |
| 6:04 | Guard Tower |
| 6:06 | Guard Tower |
| 6:32 | Bash |
| 6:34 | Bash |
| 6:35 | Guard Tower |
| 6:40 | Guard Tower |
| 7:28 | Keep |
| 7:51 | Blacksmith |
| 7:57 | Scout Tower |
| 7:58 | Scout Tower |
| 7:59 | Scout Tower |
| 8:30 | Guard Tower |
| 8:38 | Scout Tower |
| 8:40 | Scout Tower |
| 8:41 | Scout Tower |
| 8:52 | Peasant |
| 8:52 | Peasant |
| 9:07 | Guard Tower |
| 9:17 | Black Gunpowder |
| 9:26 | Guard Tower |
| 9:44 | Guard Tower |
| 9:49 | Castle |
| 9:58 | Workshop |
| 10:08 | Workshop |
| 10:27 | Refined Gunpowder |
| 10:38 | Mortar Team |
| 10:41 | Workshop |
| 10:42 | Workshop |
| 10:51 | Holy Light |
| 10:52 | Scout Tower |
| 11:04 | Mortar Team |
| 11:16 | Farm |
| 11:16 | Farm |
| 12:10 | Mortar Team |
| 13:16 | Flying Machine Bombs |
| 13:16 | Flak Cannons |
| 13:17 | Fragmentation Shards |
| 13:17 | Flare |
| 13:19 | Farm |
| 13:20 | Farm |
| 13:20 | Farm |
| 13:22 | Farm |
| 13:23 | Farm |
| 13:27 | Iron Plating |
| 13:58 | Mortar Team |
| 15:04 | Mortar Team |
| 15:15 | Mortar Team |
| 15:16 | Mortar Team |
| 15:47 | Mortar Team |
| 15:52 | Workshop |
| 15:54 | Imbued Gunpowder |
| 16:26 | Scout Tower |
| 16:27 | Scout Tower |
| 16:29 | Scout Tower |
| 16:29 | Scout Tower |
| 16:41 | Advanced Lumber Harvesting |
| 16:42 | Advanced Masonry |
| 16:46 | Farm |
| 16:59 | Guard Tower |
| 17:42 | Flying Machine |
| 17:42 | Flying Machine |
| 17:42 | Flying Machine |
| 17:43 | Flying Machine |
| 17:43 | Flying Machine |
| 17:43 | Flying Machine |
| 19:23 | Scroll of Regeneration |
| 19:30 | Flying Machine |
| 19:31 | Flying Machine |
| 19:31 | Flying Machine |
| 19:31 | Flying Machine |
| 19:31 | Flying Machine |
| 19:41 | Divine Shield |
| 20:22 | Steel Plating |
| 20:32 | Guard Tower |
| 20:37 | Flying Machine |
| 20:56 | Flying Machine |
| 21:53 | Mortar Team |
| 22:42 | Mortar Team |
| 22:42 | Mortar Team |
| 23:37 | Altar of Kings |
| 24:20 | Storm Bolt |
| 24:21 | Storm Bolt |
| 28:15 | Bash |
| 28:17 | Bash |
| 28:27 | Mortar Team |
| 28:28 | Mortar Team |
| 28:30 | Farm |
| 28:31 | Farm |
| 29:18 | Mithril Plating |
| 31:41 | Holy Light |
| 32:25 | Barracks |
| 32:27 | Barracks |
| 32:28 | Iron Forged Swords |
| 32:42 | Arcane Sanctum |
| 32:44 | Arcane Sanctum |
| 33:31 | Arcane Vault |
| 34:44 | Spell Breaker |
| 34:44 | Spell Breaker |
| 35:03 | Staff of Sanctuary |
| 35:04 | Orb of Fire |
| 35:41 | Spell Breaker |
| 35:45 | Steel Forged Swords |
| 36:45 | Boots of Speed |
| 36:45 | Boots of Speed |
| 38:45 | Siege Engine |
| 38:45 | Mortar Team |
| 38:46 | Mortar Team |
| 38:55 | Divine Shield |
| Right click | 2230 |
| Select group | 976 |
| Select | 605 |
| Misc. action | 173 |
| Use ability | 116 |
| Build/train/purchase | 110 |
| Assign group | 37 |
| Remove unit | 5 |
| Item give/drop | 3 |
| Esc | 3 |
| Minimap ping | 2 |
Cabeelibob
(194)
(39:26) : 

| Peasant | 15 | 1125 | / | 0 |
| Dragonhawk Rider | 2 | 400 | / | 60 |
| total: | 17 | 1525g | / | 60w |
| Scout Tower | 48 | 1440 | / | 960 |
| Arcane Tower | 4 | 280 | / | 200 |
| Guard Tower | 22 | 1540 | / | 1100 |
| Altar of Kings | 2 | 360 | / | 100 |
| Farm | 5 | 400 | / | 100 |
| Lumber Mill | 2 | 240 | / | 0 |
| Town Hall | 2 | 770 | / | 410 |
| Arcane Vault | 1 | 130 | / | 30 |
| Gryphon Aviary | 1 | 140 | / | 150 |
| Keep | 1 | 320 | / | 210 |
| Castle | 1 | 360 | / | 210 |
| total: | 61 | 3480g | / | 1750w |
| 0:04 | Altar of Kings |
| 0:06 | Peasant |
| 0:12 | Farm |
| 0:13 | Peasant |
| 0:20 | Peasant |
| 0:36 | Scout Tower |
| 0:57 | Lumber Mill |
| 1:02 | Farm |
| 1:03 | Peasant |
| 1:03 | Peasant |
| 1:14 | Peasant |
| 1:22 | Arcane Tower |
| 1:34 | Peasant |
| 1:43 | Farm |
| 1:52 | Peasant |
| 1:59 | Improved Lumber Harvesting |
| 2:04 | Scout Tower |
| 2:09 | Storm Bolt |
| 2:15 | Peasant |
| 2:39 | Scout Tower |
| 2:39 | Scout Tower |
| 2:40 | Scout Tower |
| 2:54 | Guard Tower |
| 2:56 | Scout Tower |
| 2:57 | Peasant |
| 2:58 | Peasant |
| 3:17 | Scout Tower |
| 3:18 | Scout Tower |
| 3:18 | Scout Tower |
| 3:29 | Guard Tower |
| 3:38 | Peasant |
| 3:39 | Peasant |
| 3:39 | Peasant |
| 3:49 | Arcane Tower |
| 3:52 | Scout Tower |
| 4:00 | Improved Masonry |
| 4:10 | Peasant |
| 4:14 | Scout Tower |
| 4:15 | Arcane Tower |
| 4:17 | Arcane Tower |
| 4:20 | Scout Tower |
| 4:49 | Guard Tower |
| 4:52 | Scout Tower |
| 5:04 | Keep |
| 5:18 | Guard Tower |
| 5:30 | Scout Tower |
| 5:38 | Scout Tower |
| 5:51 | Scout Tower |
| 5:54 | Scout Tower |
| 5:57 | Scout Tower |
| 6:33 | Scout Tower |
| 6:43 | Scout Tower |
| 6:49 | Guard Tower |
| 7:02 | Guard Tower |
| 7:06 | Scout Tower |
| 7:11 | Scout Tower |
| 7:15 | Guard Tower |
| 7:17 | Scout Tower |
| 7:30 | Castle |
| 7:31 | Advanced Masonry |
| 7:37 | Scout Tower |
| 7:40 | Guard Tower |
| 7:42 | Scout Tower |
| 7:42 | Scout Tower |
| 7:44 | Guard Tower |
| 7:45 | Guard Tower |
| 8:06 | Town Hall |
| 8:14 | Guard Tower |
| 8:18 | Scout Tower |
| 8:18 | Scout Tower |
| 8:19 | Scout Tower |
| 8:19 | Scout Tower |
| 8:21 | Scout Tower |
| 8:22 | Scout Tower |
| 8:23 | Scout Tower |
| 8:23 | Scout Tower |
| 8:32 | Holy Light |
| 8:54 | Guard Tower |
| 9:24 | Guard Tower |
| 9:57 | Guard Tower |
| 10:10 | Imbued Masonry |
| 10:40 | Gryphon Aviary |
| 11:09 | Guard Tower |
| 11:42 | Lumber Mill |
| 12:00 | Arcane Vault |
| 12:13 | Scout Tower |
| 12:15 | Scout Tower |
| 12:18 | Scout Tower |
| 13:18 | Cloud |
| 13:26 | Guard Tower |
| 13:31 | Scout Tower |
| 13:44 | Scout Tower |
| 13:45 | Scout Tower |
| 13:47 | Scout Tower |
| 13:59 | Dragonhawk Rider |
| 13:59 | Dragonhawk Rider |
| 14:04 | Guard Tower |
| 14:09 | Scout Tower |
| 14:14 | Guard Tower |
| 14:18 | Guard Tower |
| 14:52 | Guard Tower |
| 16:05 | Scout Tower |
| 16:05 | Scout Tower |
| 16:06 | Scout Tower |
| 16:30 | Scout Tower |
| 16:32 | Scout Tower |
| 16:32 | Scout Tower |
| 16:37 | Guard Tower |
| 17:07 | Guard Tower |
| 23:43 | Town Hall |
| 32:33 | Altar of Kings |
| 32:35 | Farm |
| 32:40 | Farm |
| Right click | 1256 |
| Select group | 921 |
| Select | 302 |
| Build/train/purchase | 65 |
| Resource trade | 40 |
| Misc. action | 29 |
| Chat | 17 |
| Use ability | 13 |
| Assign group | 12 |
| Esc | 1 |
| Minimap ping | 1 |